 Dungeon Crawl Stone Soup version 0.28-a0-983-g1de4e0787c (webtiles) character file.

Game seed: 14069234429413960046

171693 karkarkar the Geomancer (level 17, -2/141 HPs)
             Began as a Green Draconian Earth Elementalist on Dec 1, 2021.
             Was a High Priest of Vehumet.
             Slain by a nagaraja (16 damage)
             ... on level 4 of the Snake Pit on Dec 2, 2021.
             The game lasted 04:08:47 (42321 turns).

karkarkar the Geomancer (DrEE)                     Turns: 42321, Time: 04:08:48

Health: -2/141     AC: 18    Str: 16    XL:     17   Next: 39%
Magic:  5/34       EV: 12    Int: 20    God:    Vehumet [*****.]
Gold:   3060       SH:  8    Dex: 12    Spells: 9/42 levels left

rFire   + + .      SeeInvis .   a - +8 lance "Wyrmbane" {slay drac, rPois rF+ rC+ AC+3}
rCold   + . .      Faith    .   u - +2 buckler
rNeg    . . .      Spirit   .   (armour unavailable)
rPois   +          Reflect  .   I - +2 hat
rElec   .          Harm     .   H - +1 cloak of Xom's Outrage {rCorr Str+2}
rCorr   +          Rampage  .   o - +0 pair of gloves
Will    ++...                   x - +0 pair of boots
Stlth   ++........              g - amulet of magic regeneration
HPRegen 0.33/turn               J - ring of protection from fire
MPRegen 0.64/turn               G - ring of willpower

@: constricted
A: breathe noxious fumes, AC +9, unfitting armour, stinger 1, poison resistance,
cold-blooded
a: Breathe Noxious Fumes, Renounce Religion


You were on level 4 of the Snake Pit.
You worshipped Vehumet.
Vehumet was extremely pleased with you.
You visited 5 branches of the dungeon, and saw 28 of its levels.
You also visited: Trove.

You collected 5157 gold pieces.
You spent 2097 gold pieces at shops.

Inventory:

Hand Weapons
 a - the +8 lance "Wyrmbane" (weapon) {slay drac, rPois rF+ rC+ AC+3}
   (You found it on level 8 of the Dungeon)

   It inflicts extra damage against dragons and draconians.
   AC:        It affects your AC (+3).
   rF:        It protects you from fire.
   rC:        It protects you from cold.
   rPois:     It protects you from poison.
Missiles
 j - 6 atropa-tipped darts
 s - a throwing net
 v - 33 poisoned darts
 B - 9 javelins
 D - 25 boomerangs
 Q - 416 stones
 T - 7 curare-tipped darts
Armour
 o - a +0 pair of gloves (worn)
 q - a +0 kite shield
 u - a +2 buckler (worn)
 x - a +0 pair of boots (worn)
 H - the +1 cloak of Xom's Outrage (worn) {rCorr Str+2}
   (You acquired it on level 4 of the Lair of Beasts)

   Str:       It affects your strength (+2).
   rCorr:     It protects you from acid and corrosion.
 I - a +2 hat (worn)
 S - a scarf of repulsion
Magical Staves
 b - a staff of conjuration
Jewellery
 g - an amulet of magic regeneration (around neck)
 m - a +4 ring of evasion
 t - an amulet of regeneration
 F - the ring "Ophupt" {rPois Int+6}
   (You acquired it on level 2 of the Orcish Mines)

   [ring of intelligence]

   Int:       It affects your intelligence (+6).
   rPois:     It protects you from poison.
 G - a ring of willpower (right hand)
 J - a ring of protection from fire (left hand)
Wands
 d - a wand of iceblast (5)
 n - a wand of acid (9)
 y - a wand of flame (42)
 C - a wand of digging (8)
 P - a wand of charming (20)
 U - a wand of mindburst (17)
Scrolls
 i - a scroll of enchant weapon
 k - 5 scrolls of identify
 p - 6 scrolls of teleportation
 r - a scroll of brand weapon
 w - 5 scrolls of amnesia
 A - 2 scrolls of enchant armour
 E - 4 scrolls of magic mapping
 L - a scroll of blinking
 N - 3 scrolls of fog
Potions
 c - a potion of magic
 e - 3 potions of cancellation
 h - 5 potions of lignification
 l - 4 potions of mutation
 z - 3 potions of attraction
 K - a potion of heal wounds
 R - a potion of resistance
 V - 2 potions of invisibility
 X - a potion of brilliance
 Y - 5 potions of curing
Miscellaneous
 M - a box of beasts
 O - a condenser vane (inert)


   Skills:
 - Level 10.5 Fighting
 - Level 1.0(7.6) Axes
 - Level 12.0 Polearms
 - Level 1.1 Throwing
 - Level 8.7 Dodging
 - Level 1.9 Stealth
 * Level 11.1 Shields
 * Level 13.3 Spellcasting
 - Level 13.2 Conjurations
 - Level 4.5 Transmutations
 - Level 4.0 Fire Magic
 - Level 0.1 Air Magic
 + Level 14.3 Earth Magic
 - Level 5.4 Poison Magic
 - Level 0.7 Evocations


You had 9 spell levels left.
You knew the following spells:

 Your Spells              Type           Power      Damage    Failure   Level
a - Sandblast             Erth           100%       2d20      0%          1
b - Stone Arrow           Conj/Erth      100%       3d13      1%          3
c - Ignite Poison         Fire/Tmut/Pois 32%        N/A       1%          3
d - Iron Shot             Conj/Erth      31%        9d6       1%          6
e - Mephitic Cloud        Conj/Pois/Air  38%        N/A       1%          3
f - Orb of Destruction    Conj           30%        9d11      5%          7
g - Iskenderun's Battles  Conj           60%        2d11      1%          5
h - Lee's Rapid Deconstr  Erth           31%        3d17*     1%          5

Your spell library contained the following spells:

 Spells                   Type           Power      Damage    Failure   Level
 Conjure Ball Lightning   Conj/Air       20%        3x3d6     13%         6
 Passwall                 Tmut/Erth      41%        N/A       1%          2
 Poisonous Vapours        Pois/Air       48%        N/A       1%          2
 Scorch                   Fire           58%        2d7       1%          2
 Conjure Flame            Conj/Fire      47%        6-21      1%          3
 Flame Wave               Conj/Fire      47%        2d8       1%          4
 Petrify                  Tmut/Erth      50%        N/A       1%          4
 Sticky Flame             Conj/Fire      47%        2d6       1%          4
 Leda's Liquefaction      Hex/Erth       21%        N/A       2%          4
 Animate Skeleton         Necr           26%        N/A       4%          1
 Pain                     Necr           52%        1d6       4%          1
 Frozen Ramparts          Ice            26%        1d4       4%          3
 Corpse Rot               Necr/Air       26%        N/A       8%          2
 Gell's Gravitas          Tloc           13%        N/A       14%         3
 Portal Projectile        Hex/Tloc       26%        N/A       14%         3
 Summon Guardian Golem    Hex/Summ       13%        N/A       14%         3
 Teleport Other           Tloc           13%        N/A       14%         3
 Tukima's Dance           Hex            13%        N/A       14%         3
 Vampiric Draining        Necr           13%        2d6       14%         3
 Yara's Violent Unravell  Hex/Tmut       11%        3d6       14%         5
 Statue Form              Tmut/Erth      33%        N/A       16%         6
 Ice Form                 Ice/Tmut       22%        N/A       19%         4
 Blade Hands              Tmut           15%        N/A       22%         5
 Lehudib's Crystal Spear  Conj/Erth      31%        10d8      28%         8
 Passage of Golubria      Tloc           13%        N/A       43%         4
 Summon Ice Beast         Ice/Summ       13%        N/A       43%         4
 Spellforged Servitor     Conj/Summ      19%        N/A       54%         7
 Excruciating Wounds      Necr           6%         N/A       80%         5
 Dispersal                Tloc           6%         N/A       100%        6
 Summon Cactus Giant      Summ           6%         N/A       100%        6
 Animate Armour           Summ/Erth      Unusable   N/A       N/A         4

Dungeon Overview and Level Annotations

Branches:
Dungeon (15/15)            Temple (1/1) D:6            Lair (6/6) D:8
 Shoals (0/4) Lair:4        Snake (4/4) Lair:4        Slime (0/5) Lair:5
    Orc (2/2) D:11            Elf (0/3) Orc:2        Vaults (0/5) D:14
 Depths (0/4) D:15

Altars:
Dithmenos
Hepliaklqana
Kikubaaqudgha
Sif Muna
Uskayaw
Vehumet
Wu Jian
Yredelemnul
Zin
The Shining One
Beogh
Lugonu

Shops:
D:2 [((   D:7 (   D:9 :   D:11 *   Orc:2 ?[   Snake:2 (

Portals:
Abyss: Lair:6

Annotations:
D:11 1 runed translucent door, ryw's ghost, journeyman MiFi
D:14 1 runed translucent door, Atlas's ghost, journeyman DjEE
Snake:3 1 runed translucent door


Innate Abilities, Weirdness & Mutations

You can breathe blasts of noxious fumes.
Your lurid green scales are hard. (AC +9)
You cannot fit into any form of body armour.
Your tail ends in a venomous barb.
Your system is resistant to poisons. (rPois)
You are cold-blooded and may be slowed by cold attacks.


Message History

* * * LOW HITPOINT WARNING * * *
The nagaraja constricts you.
* * * LOW HITPOINT WARNING * * *
You are too injured to fight recklessly!
Aiming: Sandblast (safe; 0% risk of failure)
Press: ? - help, Q - select action, (/) - cycle Shift-Dir - straight line, f/p - nagaraja
Aim: a nagaraja, wielding a +0 flail and wearing a +0 robe (almost dead, constricting you, fast, ally target, 84% to hit)
The blast of sand hits the nagaraja.
The nagaraja is almost dead.
The nagaraja gestures at you while chanting.
The poison arrow misses you. The nagaraja constricts you.
* * * LOW HITPOINT WARNING * * *
You feel much better.
The nagaraja points at you and mumbles some strange words.
You feel more firmly anchored in space. The nagaraja constricts you.
The nagaraja hits you with a +0 flail!!
* * * LOW HITPOINT WARNING * * *
The nagaraja constricts you.
Abil: Breathe Noxious Fumes
Press: ? - help, Q - select action, (/) - cycle Shift-Dir - straight line, f - nagaraja, p - nagaraja
Aim: a nagaraja, wielding a +1 flail of draining and wearing a +0 robe
Okay, then.
Press: ? - help, v - describe, . - travel
Here: a nagaraja, wielding a +0 flail and wearing a +0 robe (almost dead, constricting you, fast, ally target)
The floor, spattered with blood.
Okay, then.
Your magical effects are unravelling.
You feel magically purged.
You are no longer firmly anchored in space.
The nagaraja gestures wildly while chanting.
The nagaraja seems to speed up.
The nagaraja hits you with a +0 flail!
* * * LOW HITPOINT WARNING * * *
The nagaraja constricts you.
* * * LOW HITPOINT WARNING * * *
Blink to where?
Press: ? - help, Dir - move target, p - nagaraja The nagaraja's grasp on you weakens, but your attempt to escape fails.
As you read the scroll of blinking, it crumbles to dust.
The nagaraja hits you with a +0 flail!
You die...

....## #....#.# #... ..⌠.).#
##....#.##.... .......
#.....#....... .......####
#..#..#....... .8.8.†..#.##
#..#..#....... ..........*#
#..#..#....... .....).....#
#..#.)).......
......).SN)###).#.)........
.8.8....#N@.##..#..........
......)##...#.).#..........
..).... #...))..##.....#...
..⌠...# ##.....#####...#...
....#######....#...#..###..
..###..#..##..##......# #..
#######........####......## #..
##........................## #.
##.......[..................####.


You could see 2 nagarajas, an anaconda and a friendly battlesphere.

Vanquished Creatures
  Gastronok (Lair:3)
  4 nagarajas
  Roxanne (D:15)
  2 orc warlords
  Nessos (D:13)
  An entropy weaver (shapeshifter) (Lair:6)
  Snorg (Lair:3)
  A yaktaur captain (D:14)
  Fannar (Orc:1)
  4 boulder beetles
  Harold (D:7)
  9 naga warriors
  Erolcha (D:13)
  A salamander tyrant (Snake:3)
  An ice dragon (D:15)
  A death knight (D:13)
  7 hydras
  9 anacondas
  A centaur warrior (D:15)
  4 ogre magi (Orc:2)
  2 tengu warriors (D:14)
  17 two-headed ogres
  A titan zombie (D:15)
  An orc high priest (Orc:1)
  Urug (Lair:2)
  8 death yaks
  6 shock serpents
  5 naga sharpshooters
  2 deep elf knights (D:14)
  3 thrashing horrors (Lair:6)
  Nergalle (Lair:2)
  A golden dragon zombie (D:15)
  2 skeletal warriors (D:15)
  A storm dragon skeleton (D:15)
  3 salamander mystics (Snake:3)
  A flayed ghost (D:15)
  6 naga ritualists
  2 deep elf archers (D:14)
  An orc knight (D:15)
  A shadow dragon zombie (D:15)
  9 deep elf zephyrmancers (D:14)
  A necromancer (D:15)
  7 mana vipers
  An oklob plant (Lair:5)
  15 deep elf pyromancers
  9 cyclopes
  A moth of wrath (shapeshifter) (D:15)
  2 manticores
  3 orc sorcerers
  14 ugly things
  12 salamanders
  8 elephants
  Joseph (D:8)
  2 merfolk sirens (Lair:4)
  37 black mambas
  14 naga magi
  A torpor snail (Lair:6)
  5 guardian serpents
  A gargoyle (D:12)
  2 unseen horrors
  11 cane toads
  Psyche (D:8)
  A rime drake (Lair:4)
  An ancient zyme (Lair:6)
  A freezing wraith (D:14)
  9 komodo dragons
  2 yaktaurs (D:14)
  A tengu conjurer (D:13)
  2 merfolk (Lair:4)
  A large abomination (Lair:6)
  4 polar bears
  2 meliai (shapeshifter)
  9 trolls
  23 slime creatures
  27 blink frogs
  Grinder (D:5)
  3 dream sheep (Lair:6)
  A meliai zombie (D:10)
  8 small abominations (Lair:6)
  3 shadows
  2 ynoxinuls (Lair:6)
  2 spriggans (Lair:6)
  2 wraiths
  37 yaks
  A wyvern (shapeshifter) (Lair:6)
  6 wyverns
  9 basilisks
  A steam dragon (D:8)
  2 chaos spawn (Lair:6)
  Grum (D:8)
  5 wargs
  7 vampire mosquitoes
  3 acid dragons
  36 nagas
  18 water moccasins
  Duvessa (D:7)
  21 orc warriors
  A sky beast (D:8)
  3 ice beasts (D:6)
  24 ogres
  A black bear (D:5)
  A necrophage (D:6)
  8 centaurs
  7 wolves
  A kobold brigand (D:7)
  Blork the orc (D:4)
  13 bullfrogs
  10 scorpions
  2 water moccasin skeletons
  Dowan (D:7)
  6 killer bees (D:11)
  2 electric eels (D:7)
  6 howler monkeys
  5 centaur zombies
  A bullfrog zombie (D:5)
  6 hounds
  2 jellies
  A bullfrog skeleton (D:3)
  21 orc priests
  Ijyb (D:5)
  4 iguanas
  20 orc wizards
  A killer bee zombie (D:8)
  7 adders
  A river rat (D:4)
  5 shadow imps
  2 white imps
  An ufetubus (D:6)
  4 worms
  A dart slug (D:4)
  67 orcs
  11 ball pythons
  7 endoplasms
  5 giant cockroaches
  12 goblins
  8 hobgoblins
  3 jackals (D:1)
  6 quokkas
  6 bats
  3 frilled lizards
  6 kobolds
  8 rats
  A spectral kobold (D:1)
840 creatures vanquished.

Vanquished Creatures (collateral kills)
  A death yak (Lair:5)
1 creature vanquished.

Vanquished Creatures (others)
  A bush (D:8)
  24 fungi
  43 plants
  8 withered plants (D:15)
76 creatures vanquished.

Grand Total: 917 creatures vanquished

Notes
Turn   | Place    | Note
-------+----------+-------------------------------------------
     0 | D:1      | karkarkar the Draconian Earth Elementalist began the quest
                  | for the Orb.
     0 | D:1      | Reached XP level 1. HP: 14/14 MP: 3/3
   212 | D:1      | Reached XP level 2. HP: 20/20 MP: 3/5
   586 | D:1      | Found a faded altar of an unknown god.
   962 | D:1      | Reached XP level 3. HP: 23/27 MP: 0/6
  1443 | D:2      | Learned a level 3 spell: Stone Arrow
  1513 | D:2      | Found Rufypiet's Antique Armour Shoppe.
  1517 | D:2      | Reached skill level 1 in Fighting
  1684 | D:2      | Found Vaedwoempu's Antique Weapon Shoppe.
  1760 | D:2      | Reached skill level 4 in Earth Magic
  1918 | D:2      | Found Lafos's Weapon Shoppe.
  1927 | D:2      | Bought 24 stones for 24 gold pieces
  2185 | D:3      | Reached XP level 4. HP: 35/35 MP: 6/8
  2204 | D:3      | Found a transporter.
  2720 | D:3      | Found a transporter.
  2856 | D:4      | Noticed an ogre
  2868 | D:4      | Killed an ogre
  2869 | D:4      | Reached XP level 5. HP: 41/41 MP: 6/10
  2958 | D:4      | Noticed Blork the orc
  3323 | D:4      | Killed Blork the orc
  3324 | D:4      | Reached XP level 6. HP: 15/50 MP: 6/12
  3596 | D:4      | Reached skill level 5 in Earth Magic
  4154 | D:4      | Reached skill level 1 in Throwing
  4397 | D:4      | Your scales start taking on a lurid green colour.
  4397 | D:4      | Reached XP level 7. HP: 41/57 MP: 11/13
  4397 | D:4      | Gained mutation: Your system is resistant to poisons.
                  | (rPois) [Green Draconian growth]
  4664 | D:5      | Entered Level 5 of the Dungeon
  4670 | D:5      | Noticed Ijyb
  4687 | D:5      | Killed Ijyb
  4700 | D:5      | Reached skill level 5 in Spellcasting
  4700 | D:5      | Reached skill level 1 in Conjurations
  5234 | D:5      | Reached skill level 6 in Earth Magic
  5393 | D:5      | Reached XP level 8. HP: 66/66 MP: 11/16
  5693 | D:5      | Noticed Grinder
  5701 | D:5      | Killed Grinder
  6111 | D:6      | Reached skill level 5 in Fighting
  6129 | D:6      | Reached skill level 7 in Earth Magic
  6159 | D:6      | Reached XP level 9. HP: 70/74 MP: 1/18
  6241 | D:6      | Found an ornate altar of the Wu Jian Council.
  6737 | D:6      | Found a staircase to the Ecumenical Temple.
  6880 | Temple   | Entered the Ecumenical Temple
  6903 | Temple   | Became a worshipper of Vehumet
  7041 | D:7      | Noticed Harold
  7061 | D:7      | Noticed Duvessa
  7062 | D:7      | Noticed Dowan
  7069 | D:7      | Killed Duvessa
  7072 | D:7      | Killed Dowan
  7162 | D:7      | Killed Harold
  7596 | D:7      | Reached skill level 8 in Earth Magic
  7732 | D:7      | Found Qahooro's Antique Weapon Boutique.
  7741 | D:7      | Noticed a two-headed ogre
  7782 | D:7      | Killed a two-headed ogre
  7783 | D:7      | Reached skill level 1 in Fire Magic
  7783 | D:7      | Reached skill level 1 in Poison Magic
  7783 | D:7      | Reached XP level 10. HP: 84/84 MP: 10/21
  8409 | D:8      | Reached * piety under Vehumet
  8409 | D:8      | Offered knowledge of Foxfire by Vehumet.
  8942 | D:8      | Noticed Psyche
  9095 | D:8      | Noticed Joseph
  9104 | D:8      | Killed Joseph
  9131 | D:8      | Found the +8 lance "Wyrmbane" {slay drac, rPois rF+ rC+
                  | AC+3}
  9161 | D:8      | Noticed Grum
  9167 | D:8      | Killed Grum
  9169 | D:8      | Reached skill level 1 in Polearms
  9208 | D:8      | HP: 2/86 [orc wizard/magic dart (9)]
  9511 | D:8      | Learned a level 3 spell: Ignite Poison
  9623 | D:8      | Found a staircase to the Lair.
  9724 | D:8      | Reached skill level 5 in Poison Magic
  9736 | D:8      | Offered knowledge of Scorch by Vehumet.
  9737 | D:8      | Reached ** piety under Vehumet
  9785 | D:8      | Killed Psyche
  9786 | D:8      | Reached XP level 11. HP: 93/93 MP: 15/23
 10142 | D:8      | Reached skill level 5 in Polearms
 10657 | D:8      | Reached skill level 1 in Shields
 10947 | D:9      | Found Jinymit's Book Boutique.
 10994 | D:9      | Offered knowledge of Frozen Ramparts by Vehumet.
 11195 | D:9      | Noticed a two-headed ogre
 11202 | D:9      | Killed a two-headed ogre
 11627 | D:2      | Bought 15 poisoned darts for 60 gold pieces
 11734 | D:10     | Entered Level 10 of the Dungeon
 11779 | D:10     | Noticed a two-headed ogre
 11785 | D:10     | Killed a two-headed ogre
 11815 | D:10     | Noticed a two-headed ogre
 11823 | D:10     | Killed a two-headed ogre
 12246 | D:10     | Found a flagged portal.
 12885 | D:11     | Found Massib's General Store.
 12891 | D:11     | Identified the +7 glaive of Doom {vorpal, Fragile Str+4
                  | Int+7}
 12896 | D:11     | Bought a potion of brilliance for 60 gold pieces
 12896 | D:11     | Bought a scroll of identify for 30 gold pieces
 12932 | D:11     | Found a runed translucent door.
 12940 | D:11     | Noticed a frost giant
 12941 | D:11     | Noticed ryw's ghost (journeyman MiFi)
 12969 | D:11     | Reached *** piety under Vehumet
 13196 | D:11     | Reached XP level 12. HP: 102/105 MP: 24/24
 13204 | D:11     | Offered knowledge of Flame Wave by Vehumet.
 13293 | D:11     | Found a staircase to the Orcish Mines.
 13682 | Lair:1   | Entered Level 1 of the Lair of Beasts
 14219 | Lair:1   | Reached skill level 10 in Polearms
 14503 | Lair:1   | Noticed a boulder beetle
 14529 | Lair:1   | Killed a boulder beetle
 14530 | Lair:1   | Reached skill level 10 in Fighting
 15625 | Lair:2   | Noticed Nergalle
 15643 | Lair:2   | Killed Nergalle
 15823 | Lair:2   | Noticed a four-headed hydra
 15848 | Lair:2   | Killed a four-headed hydra
 15849 | Lair:2   | Reached skill level 1 in Axes
 16037 | Lair:2   | Noticed a five-headed hydra
 16037 | Lair:2   | Noticed Urug
 16053 | Lair:2   | Killed a five-headed hydra
 16054 | Lair:2   | Reached skill level 5 in Conjurations
 16072 | Lair:2   | Learned a level 6 spell: Iron Shot
 16158 | Lair:2   | Killed Urug
 16209 | Lair:2   | Reached **** piety under Vehumet
 16249 | Lair:2   | Reached skill level 9 in Earth Magic
 16769 | Lair:3   | Reached XP level 13. HP: 84/114 MP: 17/25
 16956 | Lair:3   | Noticed Gastronok
 16973 | Lair:3   | Killed Gastronok
 17682 | Lair:3   | Offered knowledge of Mephitic Cloud by Vehumet.
 17727 | Lair:3   | Learned a level 3 spell: Mephitic Cloud
 17764 | Lair:3   | Noticed Snorg
 17778 | Lair:3   | Killed Snorg
 18780 | Lair:4   | Found a staircase to the Snake Pit.
 19078 | Lair:4   | Found a staircase to the Shoals.
 19106 | Lair:4   | Identified a scroll of acquirement
 19107 | Lair:4   | Acquired the +1 cloak of Xom's Outrage {rCorr Str+2}
 19441 | Lair:5   | Reached skill level 10 in Earth Magic
 20166 | Lair:5   | Found a staircase to the Slime Pits.
 20173 | Lair:5   | Reached skill level 10 in Spellcasting
 21020 | Lair:6   | Entered Level 6 of the Lair of Beasts
 21925 | Lair:6   | Gained mutation: Your tail ends in a venomous barb. [Green
                  | Draconian growth]
 21925 | Lair:6   | Reached XP level 14. HP: 105/122 MP: 17/28
 22918 | Lair:6   | Reached ***** piety under Vehumet
 22939 | Lair:6   | Offered knowledge of Irradiate by Vehumet.
 23007 | Lair:6   | Reached skill level 11 in Earth Magic
 23475 | Lair:6   | Found a corrupted altar of Lugonu.
 23475 | Lair:6   | Found a one-way gate to the infinite horrors of the Abyss.
 24209 | Orc:1    | Entered Level 1 of the Orcish Mines
 24225 | Orc:1    | Noticed Fannar
 24239 | Orc:1    | Killed Fannar
 24392 | Orc:1    | Noticed an orc warlord
 24410 | Orc:1    | Killed an orc warlord
 24792 | Orc:2    | Entered Level 2 of the Orcish Mines
 24937 | Orc:2    | Noticed an orc warlord
 25209 | Orc:2    | Killed an orc warlord
 25266 | Orc:2    | Reached skill level 12 in Earth Magic
 25713 | Orc:2    | Upgraded the game from 0.28-a0-957-g42eb19b844 to
                  | 0.28-a0-973-ga7f8b01127
 25899 | Orc:2    | Reached XP level 15. HP: 99/128 MP: 13/31
 26143 | Orc:2    | Found Ubby's Antique Armour Emporium.
 26145 | Orc:2    | Found Hauc's Antique Weapon Boutique.
 26165 | Orc:2    | Found Wewef's Jewellery Boutique.
 26165 | Orc:2    | Found Jaom's Magic Scroll Shoppe.
 26173 | Orc:2    | Bought a scroll of teleportation for 33 gold pieces
 26173 | Orc:2    | Bought a scroll of acquirement for 572 gold pieces
 26173 | Orc:2    | Acquired the ring "Ophupt" {rPois Int+6}
 26177 | Orc:2    | Bought a scroll of magic mapping for 38 gold pieces
 26237 | Orc:2    | Found a staircase to the Elven Halls.
 26364 | Orc:1    | Reached skill level 5 in Shields
 27124 | Orc:1    | Learned a level 7 spell: Orb of Destruction
 27351 | D:3      | Offered knowledge of Starburst by Vehumet.
 28094 | D:12     | Reached skill level 5 in Dodging
 28483 | D:12     | Found a portal to a secret trove of treasure.
 29280 | D:13     | Learned a level 5 spell: Iskenderun's Battlesphere
 29415 | D:13     | Noticed Nessos
 29418 | D:13     | Noticed Erolcha
 29421 | D:13     | Killed Nessos
 29718 | D:13     | Killed Erolcha
 30451 | D:14     | Found a runed translucent door.
 30452 | D:14     | Identified the +9 spear "Xuly" {distort, rC+ Int+4}
 30456 | D:14     | Noticed Atlas's ghost (journeyman DjEE)
 30564 | D:14     | Found a gate to the Vaults.
 31968 | D:2      | Bought the +8 storm bow {elec, penet} for 1280 gold pieces
 31968 | D:2      | Found the +8 storm bow {elec, penet}
 32576 | D:12     | You paid a toll of the storm bow to enter a treasure trove
 32577 | Trove    | Entered a treasure trove
 32608 | Trove    | Identified the +6 trident "Irhyagyl" {drain, Drain +Blink
                  | Int+4}
 32611 | Trove    | Identified the amulet of Alawk {Spirit *Slow rN+++ Int+2
                  | Dex+2}
 33377 | D:14     | Acquired 517 gold pieces
 33779 | D:15     | Entered Level 15 of the Dungeon
 33812 | D:15     | Reached skill level 10 in Conjurations
 33812 | D:15     | Offered knowledge of Lee's Rapid Deconstruction by Vehumet.
 33847 | D:15     | Learned a level 5 spell: Lee's Rapid Deconstruction
 34262 | D:15     | Noticed Roxanne
 34305 | D:15     | Reached XP level 16. HP: 125/135 MP: 10/32
 34342 | D:15     | Found a shadowy altar of Dithmenos.
 34467 | D:15     | Found a staircase to the Depths.
 35684 | D:15     | Killed Roxanne
 35942 | Snake:1  | Entered Level 1 of the Snake Pit
 36189 | Snake:1  | Offered knowledge of Lightning Bolt by Vehumet.
 37872 | Snake:2  | Reached skill level 10 in Shields
 38395 | Snake:2  | Found Zanevvay's Antique Weapon Shop.
 38796 | Snake:2  | Reached skill level 13 in Earth Magic
 39667 | Snake:3  | Found a hazy altar of Hepliaklqana.
 40067 | Snake:3  | Found a runed translucent door.
 40086 | Snake:3  | Identified the +0 robe "Neukez" {rPois rC+ Will+ Stlth+}
 40312 | Snake:3  | Reached XP level 17. HP: 141/141 MP: 9/33
 40328 | Snake:3  | Upgraded the game from 0.28-a0-973-ga7f8b01127 to
                  | 0.28-a0-983-g1de4e0787c
 40694 | Snake:3  | Reached skill level 14 in Earth Magic
 41099 | Snake:3  | Identified the amulet of the Skies Above {RegenMP rElec
                  | rF++ Str+2 Int-2}
 41138 | Snake:4  | Entered Level 4 of the Snake Pit
 41140 | Snake:4  | Offered knowledge of Conjure Ball Lightning by Vehumet.
 42321 | Snake:4  | Slain by a nagaraja

Illustrated notes

Levels and vault maps discovered:
D:1:      psy_arrival_terrarium, layout_basic,
          dreamdust_ecumenical_altar_drowned_temple
D:2:      layout_basic, serial_shops, nicolae_shop_bloodbath_and_beyond,
          nicolae_shop_behind_doors, shop
D:3:      gammafunk_wand_slinger, layout_basic
D:4:      old_forge, layout_cave_pools, portal_sewer_entry_e, uniq_blork_the_orc
D:5:      layout_cave_pools, uniq_ijyb, uniq_grinder
D:6:      layout_basic, mainiacjoe_overflow_surrounded_room,
          minmay_temple_entry_poolview
D:7:      layout_basic, serial_shops, nicolae_diamond_shop,
          nicolae_water_bricks, uniq_duvessa, uniq_harold
D:8:      layout_basic, minmay_lair_entry_grove, abandoned_shop,
          kennysheep_generic_room_5, uniq_grum, uniq_psyche, uniq_joseph
D:9:      layout_basic, serial_corexii_hall, chequers_hall_statues_wall_a,
          chequers_hall_statues_y, corexii_hall_statues_u,
          chequers_hall_statues_corner_a, serial_shops, kennysheep_mini,
          hangedman_abyss_or_decor_clamps, nrook_mini_vaults
D:10:     layout_irregular_city, enter_bailey_5, amcnicky_mini_pool_small
D:11:     layout_small_grid, orc_0_dummy, ebering_ghost_inner_flame,
          serial_shops, nicolae_shop_statue_plus
D:12:     layout_long_grid, enter_trove_0
D:13:     layout_loops_ring, uniq_nessos, uniq_erolcha
D:14:     minmay_elf_outpost, layout_cave_pods, david_vaults_2,
          ebering_ghost_funeral_grove
D:15:     gammafunk_depths_entry_grave, layout_loops_ring,
          nicolae_dithmenos_through_a_glass_darkly,
          portal_ice_cave_entry_dragon, uniq_roxanne
Temple:   regret_index_temple_sigil_plot
Lair:1:   layout_small_grid, minmay_stone_trees_medium, nzn_sisyphean_effort
Lair:2:   layout_cave_shapes, st_stairs_3, wad_woods_road_01,
          grunt_megastairs_1, uniq_nergalle, uniq_urug
Lair:3:   layout_hall_layers, columned_hall_lemuel, beast_lair_carwin_8,
          uniq_gastronok, uniq_snorg
Lair:4:   layout_gridlike, elwin_shoals_entry_stream,
          guppyfry_snake_entry_island
Lair:5:   layout_cave_pods, minmay_slime_entry_oklob_enclosed
Lair:6:   hellmonk_lair_end_abyssal_woods, layout_big_grid,
          gauntlet_entry_generic, serial_bayou_shore_b, grunt_megastairs_5
Snake:1:  layout_basic
Snake:2:  layout_onion_interference, serial_shops, shop_coins,
          nicolae_snake_salamander_jacuzzi, lemuel_fruit_tree
Snake:3:  cheibrodos_toxic_ritual, layout_onion_interference, basic_altar
Snake:4:  grunt_snake_rune_serpentine_throne, layout_cave_town
Orc:1:    layout_caves, kennysheep_orc_chapel, uniq_fannar
Orc:2:    st_orc_ogre_mass, layout_caves

Skill      XL: |  1  2  3  4  5  6  7  8  9 10 11 12 13 14 15 16 17 |
---------------+----------------------------------------------------+-----
Fighting       | 1 2 3 4 5 6 7 9 10 | 10.5
Earth Magic    | 4 5 6 7 8 9 10 12 13 14 | 14.3
Spellcasting   | 3 4 5 6 7 8 10 12 13 | 13.3
Throwing       | 1 |  1.1
Conjurations   | 1 3 4 5 9 10 13 | 13.2
Transmutations | 2 3 4 |  4.5
Fire Magic     | 1 3 4 |  4.0
Poison Magic   | 1 5 |  5.4
Polearms       | 4 9 12 | 12.0
Shields        | 1 2 4 9 10 11 | 11.1
Axes           | 1 |  1.0
Dodging        | 3 8 |  8.7
Stealth        | |  1.9
Air Magic      | |  0.1
Evocations     | |  0.7

Action                   |  1- 3 |  4- 6 |  7- 9 | 10-12 | 13-15 | 16-18 || total
-------------------------+-------+-------+-------+-------+-------+-------++-------
Melee: Unarmed           |    13 |       |       |       |       |       ||    13
       Tailslap          |     3 |    12 |     1 |     6 |    13 |     2 ||    37
       Dagger            |     4 |    17 |       |       |       |       ||    21
       Short sword       |       |    81 |    44 |       |       |       ||   125
       Lance             |       |       |       |    92 |    79 |    15 ||   186
       Staff             |       |       |       |       |    18 |       ||    18
Throw: Dart              |       |    11 |     4 |    31 |    43 |     4 ||    93
       Throwing net      |       |     1 |     1 |     1 |     1 |       ||     4
       Stone             |       |     1 |       |     1 |       |     2 ||     4
       Boomerang         |       |       |       |    11 |    16 |     5 ||    32
       Javelin           |       |       |       |     4 |     9 |     1 ||    14
 Cast: Sandblast         |    62 |    40 |    88 |    97 |    50 |    89 ||   426
       Stone Arrow       |       |       |    79 |   285 |   364 |    54 ||   782
       Ignite Poison     |       |       |       |    20 |    24 |     6 ||    50
       Iron Shot         |       |       |       |       |   267 |   207 ||   474
       Mephitic Cloud    |       |       |       |       |    18 |     4 ||    22
       Iskenderun's Batt |       |       |       |       |    20 |    12 ||    32
       Orb of Destructio |       |       |       |       |     3 |     8 ||    11
       Lee's Rapid Decon |       |       |       |       |       |    77 ||    77
 Abil: Breathe Noxious F |       |       |     8 |    23 |    12 |     1 ||    44
Evoke: Wand              |       |       |     2 |     8 |    21 |     3 ||    34
       Condenser vane    |       |       |       |       |     2 |     2 ||     4
       Box of beasts     |       |       |       |       |     2 |     1 ||     3
  Use: Scroll            |     1 |     1 |     4 |    11 |    13 |     5 ||    35
       Potion            |     1 |     1 |     1 |     2 |     1 |     7 ||    13
 Stab: Sleeping          |       |     3 |       |       |       |       ||     3
Armor: Skin              |    11 |    60 |    41 |    95 |    86 |    68 ||   361
Dodge: Dodged            |    27 |    93 |    54 |   165 |   170 |   102 ||   611
       Repelled          |       |       |       |       |     3 |     2 ||     5
Block: Buckler           |       |       |       |    75 |    74 |    91 ||   240

Table legend: (Time is in decaauts)
 A = Elapsed time spent in this place.
 B = Non-inter-level travel time spent in this place.
 C = Inter-level travel time spent in this place.
 D = Time resting spent in this place.
 E = Time spent auto-exploring this place.
 F = Levels seen in this place.
 G = Mean time per level.
                   A        B        C        D        E       F      G
               +--------+--------+--------+--------+--------+-----+--------+
         Total |  42420 |  38632 |   3788 |   9536 |  19737 |  29 | 1462.8 |
       Dungeon |  22923 |  19910 |   3013 |   4311 |  11513 |  15 | 1528.2 |
        Temple |     35 |     23 |     12 |      0 |     12 |   1 |   35.0 |
          Lair |  10129 |   9493 |    636 |   2655 |   4835 |   6 | 1688.2 |
     Snake Pit |   6328 |   6223 |    105 |   1619 |   2853 |   4 | 1582.0 |
  Orcish Mines |   2955 |   2934 |     21 |    951 |    519 |   2 | 1477.5 |
         Trove |     48 |     48 |      0 |      0 |      5 |   1 |   48.0 |
               +--------+--------+--------+--------+--------+-----+--------+

Top non-repeatable levels by time:
  Lair:5: 2485 daAuts
     D:8: 2397 daAuts
    D:14: 2269 daAuts
 Snake:1: 2064 daAuts
  Lair:6: 2044 daAuts
    D:15: 1982 daAuts
 Snake:3: 1967 daAuts
     D:4: 1933 daAuts
  Lair:4: 1624 daAuts
     D:7: 1598 daAuts
  Lair:1: 1591 daAuts
   Orc:2: 1542 daAuts
    D:12: 1460 daAuts
     D:1: 1428 daAuts
   Orc:1: 1412 daAuts
